 Dungeon Crawl Stone Soup version 0.21.1-1-g345015f (webtiles) character file.

47 Ramesses the Stinger (level 3, 0/24 HPs)
             Began as a Merfolk Venom Mage on June 8, 2018.
             Succumbed to an adder's poison
             ... on level 1 of the Dungeon.
             The game lasted 00:22:11 (1901 turns).

Ramesses the Stinger (Merfolk Venom Mage)           Turns: 1901, Time: 00:22:12

Health: 0/24       AC:  3    Str:  8    XL:     3   Next: 70%
Magic:  5/6        EV: 13    Int: 14    God:
Gold:   152        SH:  0    Dex: 15    Spells: 2/6 levels left

rFire    + . .     SeeInvis .   d - +0 dagger
rCold    + . .     Gourm    .   (no shield)
rNeg     . . .     Faith    .   a - +0 robe
rPois    +         Spirit   .   (no helmet)
rElec    +         Reflect  .   (no cloak)
rCorr    +         Harm     .   (no gloves)
MR       .....                  h - +0 pair of boots
Stlth    ++........             (no amulet)
HPRegen  0.08/turn              (no ring)
MPRegen  0.10/turn              (no ring)

@: lethally poisoned (0 -> -5), resistant, flying, hasted, very quick
A: change form in water, swift swim, stealthy swim
a: no special abilities


You were on level 1 of the Dungeon.
You were not hungry.

You visited 1 branch of the dungeon, and saw 2 of its levels.

You collected 152 gold pieces.

Inventory:

Hand Weapons
 d - a +0 dagger (weapon)
Missiles
 m - 39 stones (quivered)
Armour
 a - a +0 robe (worn)
 h - a +0 pair of boots (worn)
Jewellery
 e - an uncursed amulet of guardian spirit {unknown}
 i - an uncursed ring of magical power {unknown}
 l - an uncursed ring of resist corrosion {unknown}
 q - an uncursed ring of protection from cold {unknown}
Scrolls
 g - 2 scrolls of identify {unknown}
 j - a scroll of remove curse {unknown}
 k - a scroll of enchant armour {unknown}
 n - a scroll of fear {unknown}
 o - a scroll of blinking {unknown}
Books
 b - a Young Poisoner's Handbook

   Spells                             Type                      Level
   a - Sting                          Conjuration/Poison           1
   b - Poisonous Vapours              Poison/Air                   2
   c - Mephitic Cloud                 Conjuration/Poison/Air       3
   d - Olgreb's Toxic Radiance        Poison                       4
   e - Venom Bolt                     Conjuration/Poison           5
Comestibles
 c - 3 rations


   Skills:
 + Level 0.2 Fighting
 + Level 1.0 Short Blades
 + Level 3.0 Dodging
 + Level 2.6 Stealth
 + Level 2.2 Spellcasting
 + Level 1.2 Conjurations
 + Level 0.1 Air Magic
 * Level 3.9 Poison Magic


You had 2 spell levels left.
You knew the following spells:

 Your Spells              Type           Power        Failure   Level  Hunger
a - Sting                 Conj/Pois      #...         8%          1    #......
b - Mephitic Cloud        Conj/Pois/Air  #.......     32%         3    ###....


Dungeon Overview and Level Annotations

Branches:
Dungeon (2/15)

Altars:


Message History

Drop what? 18/52 slots (_ for help) (? for menu, Esc to quit)
Okay, then.
You drop a coppery potion.
The adder closely misses you.
No item to drop.
It was a potion of haste.
You feel yourself speed up.
* * * LOW HITPOINT WARNING * * *
You feel sick. The adder misses you.
It was a potion of flight.
You feel very buoyant.
You fly up into the air.
The adder closely misses you.
r - a coppery potion
* * * LOW HITPOINT WARNING * * *
You feel sick. The adder closely misses you.
It was a potion of resistance.
You feel protected. The adder bites you but does no damage.
There is an escape hatch in the ceiling here.
The adder misses you. A mysterious force pulls you upwards.
The hatch slams shut behind you.
You die...

...............##.P...P.##.#.#
##############.##.P...P.##.#.#
#.##.P...P..#.#.#
#.##.PPPPP#+#'#.#
#.##.###........# #.##.#
#........# #########.##.#
#........#### #......##.##S#
#.###..#..... #..........@.# #.#
#..######
#............###.###..######
#............#..............
##########........).......>######
..................#.#.###### #..
##########........#.#.# #.#
#####.....(..#.#.# #####.#
#............#.#.# #......
#............#.#.#######'#'#


You could see an adder.

Vanquished Creatures
  2 adders (D:2)
  2 leopard geckos (D:1)
  5 bats (D:1)
  A giant cockroach (D:1)
  3 goblins
  4 hobgoblins
  3 kobolds
  A quokka (D:2)
  2 frilled lizards
  2 rats
25 creatures vanquished.

Vanquished Creatures (others)
  A fungus (D:1)
1 creature vanquished.

Grand Total: 26 creatures vanquished

Notes
Turn   | Place    | Note
-------+----------+-------------------------------------------
     0 | D:1      | Ramesses the Merfolk Venom Mage began the quest for the Orb.
     0 | D:1      | Reached XP level 1. HP: 13/13 MP: 3/3
   342 | D:1      | Reached XP level 2. HP: 19/19 MP: 3/5
   881 | D:1      | Reached skill level 1 in Conjurations
  1281 | D:2      | Reached XP level 3. HP: 23/24 MP: 3/6
  1621 | D:2      | Learned a level 3 spell: Mephitic Cloud
  1672 | D:2      | Reached skill level 1 in Short Blades
  1897 | D:2      | HP: 1/24 [poisoned by an adder]
  1901 | D:1      | Succumbed to an adder's poison

Skill      XL: |  1  2  3 |
---------------+----------+-----
Conjurations   | 1 |  1.2
Short Blades   | 1 |  1.0
Dodging        | 3 |  3.0
Fighting       | |  0.2
Stealth        | |  2.6
Spellcasting   | |  2.2
Air Magic      | |  0.1
Poison Magic   | |  3.9

Action                   || total
-------------------------++-------
Melee: Unarmed           ||     6
       Dagger            ||    14
Throw: Stone             ||     1
 Cast: Sting             ||    53
  Use: Potion            ||     3
  Eat: Chunk             ||     4
Armor: Robe              ||     3
Dodge: Dodged            ||    37
